 Dungeon Crawl Stone Soup version 0.16-a0-3159-g1b9e691 (console) character file.

62 Logan the Firebug (level 3, -1/26 HPs)
             Began as a Draconian Fire Elementalist on Dec 15, 2014.
             Slain by Johnny's ghost (4 damage)
             ... on level 3 of the Dungeon.
             The game lasted 00:26:54 (2049 turns).

Logan the Firebug (Draconian Fire Elementalist)     Turns: 2049, Time: 00:26:54

Health: -1/26      AC:  5    Str: 10    XL:     3   Next: 85%
Magic:  0/6        EV: 12    Int: 16    God:
Gold:   34         SH:  0    Dex: 11    Spells: 2 memorised, 4 levels left

rFire  . . .     SeeInvis .     f - +3 whip
rCold  . . .     Clarity  .     (armour unavailable)
rNeg   . . .     SustAb   .     (no shield)
rPois  .         Gourm    .     (helmet restricted)
rElec  .         Spirit   .     (no cloak)
rCorr  .         Warding  .     (no gloves)
rMut   .         Stasis   .     (no boots)
MR     .....                    (no amulet)
Stlth  ++........               (no ring)
                                (no ring)

@: not resistant to hostile enchantments, unstealthy
A: unfitting armour, cold-blooded, AC +5
a: no special abilities


You were on level 3 of the Dungeon.
You were hungry.

You visited 1 branch of the dungeon, and saw 3 of its levels.

You collected 34 gold pieces.

Inventory:

Hand weapons
 a - a +0 club
 e - a +0 dagger
 f - a +3 whip (weapon)
 g - a +0 whip
 h - a +0 mace
 l - a +0 club
 m - a +0 whip
 n - a +0 club
 p - a +0 short sword
 t - a +0 dagger
Missiles
 j - 48 stones (quivered)
 r - 18 bolts
 v - 14 arrows of flame
Armour
 o - a +0 ring mail
 s - a +0 leather armour
Jewellery
 k - an uncursed ring of positive energy {unknown}
Scrolls
 i - a scroll of random uselessness {unknown}
Books
 b - a book of Flames

   Spells                             Type                      Level
   a - Flame Tongue                   Conjuration/Fire             1
   b - Throw Flame                    Conjuration/Fire             2
   c - Conjure Flame                  Conjuration/Fire             3
   d - Inner Flame                    Hexes/Fire                   3
   e - Sticky Flame                   Conjuration/Fire             4
   f - Fireball                       Conjuration/Fire             5
Comestibles
 c - a bread ration


   Skills:
 + Level 0.2 Fighting
 + Level 0.4 Maces & Flails
 + Level 2.1 Dodging
 - Level 2.0 Stealth
 + Level 0.2 Unarmed Combat
 * Level 2.5 Spellcasting
 - Level 1.0 Conjurations
 * Level 3.9 Fire Magic


You had 4 spell levels left.
You knew the following spells:

 Your Spells              Type           Power        Failure   Level  Hunger
a - Flame Tongue          Conj/Fire      #....        10%         1    #......
b - Throw Flame           Conj/Fire      #.....       12%         2    ##.....


Dungeon Overview and Level Annotations

Branches:
Dungeon (3/15)

Altars:
Elyvilon

Annotations:
D:3 Johnny's ghost, average HuHu


Innate Abilities, Weirdness & Mutations

Your plain brown scales are hard (AC +5).
Your body does not fit into most forms of armour.
Your cold-blooded metabolism reacts poorly to cold.


Message History

Johnny's ghost is moderately damaged.
Johnny's ghost hits you!
* * * LOW HITPOINT WARNING * * *
The orc hits you from afar with a trident.
* * * LOW HITPOINT WARNING * * *
Read which item? (? for menu, Esc to quit)
Okay, then.
You aren't carrying any potions.
The crimson imp blinks!
Johnny's ghost hits you.
* * * LOW HITPOINT WARNING * * *
Casting: Flame Tongue
Confirm with . or Enter, or press ? or * to list all spells.
Aiming: Flame Tongue
Press: ? - help, Shift-Dir - straight line, f - Johnny's ghost
Aim: Johnny's ghost (lightly damaged)
The flame tongue hits Johnny's ghost.
Johnny's ghost is moderately damaged.
The crimson imp blinks!
Johnny's ghost hits you.
You die...

..###....#..###5#.
... .............w
##
........?....%....
.... #.#
#######.###.#† ...
#.# #... #..#.#
###5
####..#.####### #.
.........o.......
#.
#@#.#############.
#.W.....5.........
###.##############
...# #####


You could see Johnny's ghost, a crimson imp and an orc.

Vanquished Creatures
  An adder (D:2)
  A worm (D:2)
  An ooze (D:2)
  7 bats
  A giant cockroach (D:1)
  7 hobgoblins
  7 jackals
  5 kobolds
  3 ball pythons
  2 giant newts
  3 goblins (D:1)
  6 rats
44 creatures vanquished.

Notes
Turn   | Place    | Note
--------------------------------------------------------------
     0 | D:1      | Logan, the Draconian Fire Elementalist, began the quest for the Orb.
     0 | D:1      | Reached XP level 1. HP: 14/14 MP: 3/3
   257 | D:1      | Reached XP level 2. HP: 20/20 MP: 2/4
   787 | D:1      | Learned a level 2 spell: Throw Flame
  1150 | D:1      | Reached XP level 3. HP: 18/26 MP: 3/6
  1441 | D:2      | Found a white marble altar of Elyvilon.
  1956 | D:3      | Noticed Johnny's ghost (average HuHu)
  2049 | D:3      | Slain by Johnny's ghost

Action                   || total
-------------------------++-------
Melee: Unarmed           ||     4
       Club              ||     4
       Whip              ||    33
Throw: Stone             ||     1
 Cast: Flame Tongue      ||    51
       Throw Flame       ||    16
  Use: Potion            ||     4
       Scroll            ||     5
  Eat: Bread ration      ||     1
